 Dungeon Crawl Stone Soup version 0.25.1-9-gc5326a611f (webtiles) character file.

Game seed: 5231171928059743836

7324 Clowwww the Cleaver (level 10, -1/79 HPs)
             Began as a Demonspawn Fighter on Jan 1, 2021.
             Was an Elder of Trog.
             Slain by a hornet (7 damage)
             ... on level 9 of the Dungeon.
             The game lasted 00:18:59 (10178 turns).

Clowwww the Cleaver (Demonspawn Fighter)           Turns: 10178, Time: 00:19:00

Health: -1/79      AC:  7    Str: 21    XL:     10   Next: 90%
Magic:  0/10       EV:  7    Int:  9    God:    Trog [****..]
Gold:   410        SH:  9    Dex: 12    Spells: 9/9 levels left

rFire    + . .     SeeInvis .   a - +3 war axe
rCold    . . .     Gourm    .   c - +0 kite shield
rNeg     + . .     Faith    .   b - +1 scale mail
rPois    .         Spirit   +   (helmet restricted)
rElec    .         Reflect  .   (no cloak)
rCorr    .         Harm     .   (no gloves)
MR       .....                  (no boots)
Stlth    ..........             v - amulet of guardian spirit
HPRegen  0.23/turn              k - ring of positive energy
MPRegen  0.12/turn              (no ring)

@: lethally poisoned (-1 -> -6), slowed, very slow
A: horns 2, fire resistance 1, spiny 2, flame cloud immunity
a: Berserk, Trog's Hand, Brothers in Arms, Renounce Religion


You were on level 9 of the Dungeon.
You worshipped Trog.
Trog was greatly pleased with you.
You were not hungry.

You visited 1 branch of the dungeon, and saw 9 of its levels.

You collected 410 gold pieces.

Inventory:

Hand Weapons
 a - a +3 war axe (weapon)
Missiles
 e - 17 boomerangs (quivered)
Armour
 b - a +1 scale mail (worn)
 c - a +0 kite shield (worn)
Jewellery
 k - a ring of positive energy (left hand)
 u - an uncursed amulet of magic regeneration
 v - an amulet of guardian spirit (around neck)
Wands
 d - a wand of acid (7)
 h - a wand of disintegration (10)
 o - a wand of digging (6)
 p - a wand of flame (56)
 w - a wand of clouds (6)
 y - a wand of paralysis (3)
 D - a wand of random effects (10)
Scrolls
 i - 6 scrolls of remove curse
 l - a scroll of immolation
 B - a scroll of blinking
Potions
 g - a potion of magic
 j - 4 potions of stabbing
 n - a potion of heal wounds
 q - a potion of lignification
 r - a potion of brilliance
 s - 2 potions of mutation {unknown}
 t - a potion of degeneration {unknown}
 x - a potion of curing
 z - a potion of berserk rage
Comestibles
 f - 14 rations
 m - 4 chunks of flesh


   Skills:
 + Level 7.4 Fighting
 * Level 13.6 Axes
 - Level 0.2 Throwing
 - Level 2.6 Armour
 - Level 1.2 Dodging
 - Level 0.4 Stealth
 - Level 2.6 Shields


You had 9 spell levels left.
You didn't know any spells.
Your spell library was empty.

Dungeon Overview and Level Annotations

Branches:
Dungeon (9/15)             Temple (0/1) D:4            Lair (0/6) D:8
    Orc: D:9-12

Altars:
Ashenzari
Cheibriados
Dithmenos
Fedhas
Kikubaaqudgha
Makhleb
Qazlal
Ru
Sif Muna
Trog
Vehumet
Xom
Yredelemnul
Zin
The Shining One

Shops:
D:4 !}*[[   D:5 %

Annotations:
D:5 2 transporters


Innate Abilities, Weirdness & Mutations

You have a pair of horns on your head.
Your flesh is heat resistant. (rF+)
You are mostly covered in sharp spines.
You are immune to clouds of flame.


Message History

You hit the hornet. You headbutt the hornet!
The hornet is heavily wounded.
The hornet stings you.
You feel yourself slow down.
You barely miss the hornet.
The hornet is heavily wounded.
The hornet stings you.
* * * LOW HITPOINT WARNING * * *
You feel as though you will be slow longer.
You block the hornet's attack.
You closely miss the hornet. Your headbutt misses the hornet.
The hornet is heavily wounded.
The hornet stings you!
* * * LOW HITPOINT WARNING * * *
You feel as though you will be slow longer.
The hornet is struck by your spines. The hornet stings you!
* * * LOW HITPOINT WARNING * * *
You are poisoned.
You feel as though you will be slow longer.
The hornet is struck by your spines. The hornet stings you!
You die...

# .#.#..## #
.#...#..####+## #
.#..#..#J.##...##
#.#..#.#..#.#.....#
#..#.(.#..#'.....+
#..#.#y.#.#.:...#
#..#.†#..##...##
#..†#y.####'##
#..#.#@J###..##
##..#..###.###
###+####.###
#.##.####
##.#.#..##
#.##(##.#
##..#.#.##
####.##.#
#..###.#####


You could see a hornet and a jelly.

Vanquished Creatures
  3 two-headed ogres
  Maurice (D:9)
  3 hippogriffs
  The ghost of OneTabMan the Skirmisher, an amateur OgBe of Trog (D:3)
  A spriggan (D:8)
  6 yaks (D:7)
  3 vampire mosquitoes (D:8)
  3 orc warriors
  A black bear (D:9)
  A necrophage (D:8)
  A sky beast (D:9)
  2 ogres
  A centaur (D:7)
  A crocodile (D:8)
  4 bullfrogs
  2 gnoll sergeants
  A scorpion (D:8)
  12 killer bees
  5 crimson imps
  A bullfrog zombie (D:5)
  4 hounds
  A centaur skeleton (D:8)
  2 centaur zombies
  2 orc priests
  11 orc wizards
  A bullfrog skeleton (D:6)
  5 iguanas
  4 worker ants
  A mummy (D:6)
  A howler monkey zombie (D:7)
  3 gnolls (D:7)
  4 adders
  A howler monkey skeleton (D:9)
  2 shadow imps
  An ooze (D:1)
  An adder skeleton (D:3)
  5 worms
  A dart slug (D:3)
  3 leopard geckos
  27 orcs
  6 giant cockroaches
  8 goblins
  6 hobgoblins
  8 jackals
  3 quokkas
  8 bats
  7 frilled lizards
  A jackal zombie (D:7)
  6 kobolds
  A leopard gecko skeleton (D:4)
  7 rats
194 creatures vanquished.

Vanquished Creatures (collateral kills)
  An adder (D:9)
1 creature vanquished.

Grand Total: 195 creatures vanquished

Notes
Turn   | Place    | Note
-------+----------+-------------------------------------------
     0 | D:1      | Clowwww the Demonspawn Fighter began the quest for the Orb.
     0 | D:1      | Reached XP level 1. HP: 18/18 MP: 1/1
    51 | D:1      | Reached skill level 2 in Axes
   152 | D:1      | Gained mutation: Your flesh is heat resistant. (rF+)
                  | [demonic ancestry]
   152 | D:1      | Reached XP level 2. HP: 24/24 MP: 2/2
   757 | D:1      | Gained mutation: You have a pair of small horns on your
                  | head. [demonic ancestry]
   757 | D:1      | Reached XP level 3. HP: 28/29 MP: 3/3
   943 | D:2      | Reached skill level 3 in Axes
   944 | D:2      | Reached XP level 4. HP: 5/35 MP: 4/4
  1429 | D:2      | Found a blossoming altar of Fedhas.
  1610 | D:2      | Found a basalt altar of Yredelemnul.
  1738 | D:2      | Found a burning altar of Makhleb.
  2181 | D:3      | Found a faded altar of an unknown god.
  2181 | D:3      | Found a shimmering altar of Xom.
  2186 | D:3      | Found a stormy altar of Qazlal.
  2188 | D:3      | Found a shattered altar of Ashenzari.
  2191 | D:3      | Found a glowing golden altar of the Shining One.
  2356 | D:3      | Found a bloodstained altar of Trog.
  2364 | D:3      | Became a worshipper of Trog the Wrathful
  2379 | D:3      | Found a large runed translucent door.
  2379 | D:3      | Found a large runed translucent door.
  2385 | D:3      | Noticed OneTabMan's ghost (amateur OgBe)
  2396 | D:3      | Killed OneTabMan's ghost
  2396 | D:3      | Reached skill level 5 in Axes
  2396 | D:3      | Reached skill level 1 in Dodging
  2396 | D:3      | Gained mutation: You are partially covered in sharp spines.
                  | [demonic ancestry]
  2396 | D:3      | Reached XP level 5. HP: 28/42 MP: 5/5
  2521 | D:3      | Gained mutation: You have a pair of horns on your head.
                  | [demonic ancestry]
  2521 | D:3      | Reached XP level 6. HP: 48/48 MP: 6/6
  3018 | D:3      | Reached * piety under Trog
  3377 | D:4      | Found Eweigi's Antique Armour Boutique.
  3455 | D:4      | Reached skill level 6 in Axes
  3455 | D:4      | Gained mutation: You are immune to clouds of flame.
                  | [demonic ancestry]
  3455 | D:4      | Reached XP level 7. HP: 33/54 MP: 7/7
  3576 | D:4      | Found a staircase to the Ecumenical Temple.
  3935 | D:4      | Found Witacilumi's Distillery.
  4147 | D:4      | Found Leduaw's General Store.
  4245 | D:4      | Found Qass's Gadget Shop.
  4426 | D:4      | Found Coaroif's Antique Armour Shoppe.
  4454 | D:5      | Entered Level 5 of the Dungeon
  4525 | D:5      | Reached skill level 7 in Axes
  4627 | D:5      | Found a transporter.
  4642 | D:5      | Found a transporter.
  5139 | D:5      | Found Rorub's Food Shoppe.
  5820 | D:6      | Found a snail-covered altar of Cheibriados.
  5957 | D:7      | Reached skill level 8 in Axes
  5957 | D:7      | Gained mutation: You are mostly covered in sharp spines.
                  | [demonic ancestry]
  5957 | D:7      | Reached XP level 8. HP: 14/61 MP: 8/8
  5959 | D:7      | Reached ** piety under Trog
  5959 | D:7      | HP: 4/91 [poisoned by a killer bee]
  5962 | D:7      | Noticed a hippogriff
  5962 | D:7      | HP: 1/61 [poisoned by a killer bee]
  6219 | D:6      | Killed a hippogriff
  6406 | D:7      | Reached skill level 9 in Axes
  6646 | D:7      | Found a radiant altar of Vehumet.
  6705 | D:7      | Found a sacrificial altar of Ru.
  6835 | D:7      | Reached skill level 5 in Fighting
  6843 | D:7      | Reached skill level 10 in Axes
  6843 | D:7      | Reached XP level 9. HP: 59/68 MP: 9/9
  7763 | D:8      | Reached skill level 11 in Axes
  8388 | D:8      | Found a staircase to the Lair.
  8391 | D:8      | Reached *** piety under Trog
  8694 | D:8      | Noticed a two-headed ogre
  8695 | D:8      | Noticed a two-headed ogre
  8703 | D:8      | Killed a two-headed ogre
  8703 | D:8      | Reached skill level 12 in Axes
  8703 | D:8      | Reached XP level 10. HP: 75/77 MP: 6/10
  8709 | D:8      | Killed a two-headed ogre
  9098 | D:8      | Found a shimmering blue altar of Sif Muna.
  9130 | D:8      | Found a glowing silver altar of Zin.
  9539 | D:8      | Found an ancient bone altar of Kikubaaqudgha.
  9613 | D:9      | Found a shadowy altar of Dithmenos.
  9628 | D:9      | Noticed Maurice
  9645 | D:9      | Paralysed by something for 7 turns
  9653 | D:9      | Killed Maurice
  9653 | D:9      | Reached skill level 13 in Axes
  9655 | D:9      | Noticed a two-headed ogre
  9663 | D:9      | Killed a two-headed ogre
 10092 | D:9      | Reached **** piety under Trog
 10178 | D:9      | Slain by a hornet

Illustrated notes

Levels and vault maps discovered:
D:1:      eino_arrival_water_star, layout_basic
D:2:      layout_basic, makhleb_heckhound_becter, fedhas_ov_isle_minmay,
          old_standard_altar, kennysheep_generic_room_15
D:3:      layout_loops_corners, overflow_temple_1_default,
          chequers_temple_overflow_minitemple, ebering_ghost_disaster_area
D:4:      wander_river, layout_basic, temple_pool_b, serial_shops, shop,
          nicolae_shop_statue_plus, nicolae_shop_behind_doors, shop,
          nicolae_shop_behind_doors, minmay_misc_feat_plants, fountainhead
D:5:      gammafunk_steamed_eel, layout_basic, first_ration, serial_shops,
          nicolae_shop_temple_entry_statues_fountains
D:6:      layout_rooms, slow_altar_1
D:7:      layout_loops_ring, fiery_altar_vehumet, hangedman_ru_absence
D:8:      layout_basic, led_sif_pool, marbit_many_paths, kennysheep_mini,
          lair_entry_dummy, the_bakery, item_on_display_a
D:9:      minmay_the_grid_octo_tiled_squarecenter
          [minmay_the_grid_octo_thin_diamonds, minmay_the_grid_octo_concentric,
          minmay_the_grid_octo_77, minmay_the_grid_octo_fan_narrow,
          minmay_the_grid_square_5x5_megaprize_hollow,
          minmay_the_grid_square_5x5_shrine1,
          minmay_the_grid_square_5x5_sharp_hourglass,
          minmay_the_grid_square_5x5_checkered, minmay_the_grid_square_5x5_c],
          layout_grid_maze, kennysheep_mini_moat, basic_altar, uniq_grum,
          uniq_maurice

Skill      XL: |  1  2  3  4  5  6  7  8  9 10 |
---------------+-------------------------------+-----
Axes           | 2 3 5 6 8 10 12 13 | 13.6
Dodging        | 1 |  1.2
Fighting       | 4 5 6 7 |  7.4
Throwing       | |  0.2
Armour         | |  2.6
Stealth        | |  0.4
Shields        | |  2.6

Action                   |  1- 3 |  4- 6 |  7- 9 | 10-12 || total
-------------------------+-------+-------+-------+-------++-------
Melee: War axe           |    68 |    95 |   197 |    76 ||   436
       Headbutt          |     4 |    13 |    25 |    13 ||    55
Throw: Boomerang         |       |       |     6 |     5 ||    11
Invok: Berserk           |       |       |     3 |     1 ||     4
       Trog's Hand       |       |       |       |     1 ||     1
  Use: Potion            |       |     1 |     5 |       ||     6
       Scroll            |       |     8 |     7 |     5 ||    20
  Eat: Chunk             |       |     8 |    15 |     3 ||    26
       Ration            |       |       |     1 |     1 ||     2
Armor: Scale mail        |    46 |    30 |    67 |    31 ||   174
Dodge: Dodged            |    37 |    20 |    75 |    12 ||   144
Block: Kite shield       |    62 |    42 |   118 |    34 ||   256
